 Dungeon Crawl Stone Soup version 0.30-a0-776-g08fbeb92c1 (webtiles) character file.

Game seed: 1756190037792292358

2433 Oxelix the Thaumaturge (level 9, -1/51 HPs)
             Began as a Deep Elf Conjurer on Feb 13, 2023.
             Was a Believer of Vehumet.
             Shot with an arrow by a centaur (9 damage)
             ... on level 8 of the Dungeon.
             The game lasted 00:19:10 (7890 turns).

Oxelix the Thaumaturge (Deep Elf Conjurer)          Turns: 7890, Time: 00:19:11

Health: -1/51      AC:  4    Str:  4    XL:     9   Next: 24%
Magic:  29/35      EV: 12    Int: 34    God:    Vehumet [**....]
Gold:   204        SH:  0    Dex: 13    Spells: 21/30 levels left

rFire   . . .      SeeInvis .    v - +0 whip (venom)
rCold   . . .      Faith    .    (no shield)
rNeg    . . .      Spirit   .    a - +0 robe
rPois   .          Reflect  .    D - +0 hat
rElec   .          Harm     .    (no cloak)
rCorr   .          Rampage  .    P - +0 pair of gloves
Will    .....                    x - +0 pair of boots
Stlth   ++                       (no amulet)
HPRegen 0.28/turn                t - +6 ring of intelligence
MPRegen 0.24/turn                e - ring of magical power

@: no status effects
A: no striking features
a: Renounce Religion


You were on level 8 of the Dungeon.
You worshipped Vehumet.
Vehumet was pleased with you.
You visited 1 branch of the dungeon, and saw 8 of its levels.

You collected 409 gold pieces.
You spent 205 gold pieces at shops.

Inventory:

Hand Weapons
 v - a +0 whip of venom (weapon)
Missiles
 c - 2 throwing nets
 i - 14 poisoned darts
 w - 3 atropa-tipped darts
 H - 3 boomerangs
 K - a curare-tipped dart
Armour
 a - a +0 robe (worn)
 x - a +0 pair of boots (worn)
 D - a +0 hat (worn)
 P - a +0 pair of gloves (worn)
Jewellery
 e - a ring of magical power (right hand)
 p - a ring of protection from fire
 t - a +6 ring of intelligence (left hand)
 J - a ring of poison resistance
Wands
 E - a wand of flame (18)
 F - a wand of polymorph (9)
 O - a wand of mindburst (11)
 Q - a wand of iceblast (2)
 R - a wand of quicksilver (9)
Scrolls
 d - 2 scrolls of immolation
 f - 3 scrolls of poison
 g - 3 scrolls of noise {unknown}
 h - 5 scrolls of teleportation
 k - a scroll of fog {unknown}
 l - 3 scrolls of blinking
 r - 4 scrolls of fear
 y - a scroll of enchant weapon {unknown}
 A - a scroll of brand weapon {unknown}
 C - 2 scrolls of summoning {unknown}
 G - a scroll of amnesia {unknown}
 I - a scroll of torment {unknown}
 M - 3 scrolls of identify
Potions
 b - a potion of magic
 j - a potion of degeneration {unknown}
 m - 2 potions of resistance {unknown}
 n - 2 potions of ambrosia {unknown}
 o - 2 potions of berserk rage
 q - 4 potions of might
 s - a potion of cancellation {unknown}
 u - a potion of invisibility {unknown}
 z - 3 potions of curing
 B - 4 potions of heal wounds {unknown}
 L - a potion of mutation {unknown}
 N - 2 potions of flight {unknown}
 S - a potion of attraction {unknown}


   Skills:
 + Level 3.2 Fighting
 - Level 2.4 Dodging
 - Level 2.4 Stealth
 + Level 11.1 Spellcasting
 - Level 10.0 Conjurations
 - Level 2.0 Translocations


You had 21 spell levels left.
You knew the following spells:

 Your Spells              Type           Power      Damage    Failure   Level
a - Magic Dart            Conj           100%       1d8       1%          1
b - Searing Ray           Conj           100%       2d8       1%          2
c - Blink                 Tloc           64%        N/A       1%          2
d - Iskenderun's Mystic   Conj/Tloc      56%        2d12      1%          4

Your spell library contained the following spells:

 Spells                   Type           Power      Damage    Failure   Level
 Static Discharge         Conj/Air       100%       2-7/arc   1%          2
 Lesser Beckoning         Tloc           64%        N/A       1%          2
 Momentum Strike          Conj/Tloc      100%       3d10      1%          2
 Dazzling Flash           Conj/Hex       100%       N/A       1%          3
 Fulminant Prism          Conj/Hex       26%        3d14      3%          4
 Portal Projectile        Hex/Tloc       50%        N/A       4%          3
 Vhi's Electric Charge    Tloc/Air       50%        N/A       4%          3
 Call Canine Familiar     Summ           19%        N/A       7%          3
 Ozocubu's Armour         Ice            19%        N/A       7%          3
 Arcjolt                  Conj/Air       26%        1d36      9%          5
 Leda's Liquefaction      Hex/Erth       9%         N/A       24%         4
 Ozocubu's Refrigeration  Ice            9%         4d9       100%        7
 Maxwell's Capacitive Co  Air            9%         ∞         100%        8


Dungeon Overview and Level Annotations

Branches:
Dungeon (8/15)             Temple (0/1) D:6
   Lair: D:8-11

Altars:
Dithmenos
Kikubaaqudgha
Nemelex Xobeh
Okawaru
Qazlal
Trog
Vehumet

Shops:
D:3 =   D:4 *   D:7 *

Annotations:
D:5 2 runed translucent doors
D:7 1 runed translucent door, wpisznazwe's ghost, novice OpTm


Message History

Found a stone staircase leading up.
You now have 204 gold pieces (gained 6).
Found a stone staircase leading down.
A centaur comes into view.
The magic dart hits the centaur but does no damage.
The centaur shouts!
The centaur wields a +0 shortbow.
The centaur shoots an arrow.
The arrow hits you.
The magic dart hits the centaur.
The centaur is lightly wounded.
The centaur shoots an arrow.
The arrow hits you.
The magic dart hits the centaur!
The centaur is heavily wounded.
The centaur shoots an arrow.
The arrow hits you.
The centaur shoots an arrow.
The arrow misses you.
You hear a shout!
The magic dart hits the centaur.
The centaur is severely wounded.
A centaur comes into view.
The centaur shoots an arrow.
The arrow hits you!
The magic dart hits the centaur.
The centaur is lightly wounded.
The centaur wields a +0 shortbow.
The centaur shoots an arrow.
The arrow hits you!
You are too injured to fight recklessly!
Casting: Magic Dart (safe; 1% risk of failure)
Confirm with . or Enter, or press ? or * to list all spells.
Aiming: Searing Ray (safe; 1% risk of failure)
Press: ? - help, Shift-Dir - straight line, f/p - centaur
Aim: a centaur, wielding a +0 shortbow (lightly wounded, 90% to hit)
The searing ray hits the centaur!
The centaur is moderately wounded. (Press . to maintain the ray.)
The centaur shoots an arrow.
The arrow hits you!
* * * LOW HITPOINT WARNING * * *
The searing ray misses the centaur.
The centaur shoots an arrow.
The arrow hits you!
* * * LOW HITPOINT WARNING * * *
The centaur shoots an arrow.
The arrow hits you!
You die...

#..##
..#
#.##
..##
#.#
..#
#.#
#.#
#.#
#.#
#.#
#@##
#.>#
#..#
#...#
#.##c.
.#
#...
##
...#
.## .#


You could see a centaur.

Vanquished Creatures
  Sigmund (D:5)
  A water moccasin (D:7)
  2 orc warriors
  3 ice beasts
  2 sky beasts
  A black bear (D:7)
  An ogre (D:5)
  A kobold brigand (D:6)
  2 bullfrogs (D:7)
  2 scorpions (D:5)
  2 electric eels
  2 jellies (D:6)
  4 orc priests
  A hound (D:5)
  12 iguanas
  7 orc wizards
  8 adders
  4 gnolls (D:4)
  A shadow imp (D:6)
  A white imp (D:5)
  An ufetubus (D:5)
  2 worms
  4 dart slugs
  18 orcs
  6 ball pythons
  4 bats
  4 endoplasms
  4 giant cockroaches
  5 goblins
  7 hobgoblins
  10 kobolds
  3 quokkas
  7 frilled lizards
  A rat (D:3)
134 creatures vanquished.

Vanquished Creatures (others)
  A plant (D:7)
  2 withered plants (D:7)
3 creatures vanquished.

Grand Total: 137 creatures vanquished

Notes
Turn   | Place    | Note
-------+----------+-------------------------------------------
     0 | D:1      | Oxelix the Deep Elf Conjurer began the quest for the Orb.
     0 | D:1      | Reached XP level 1. HP: 10/10 MP: 6/6
   122 | D:1      | Reached XP level 2. HP: 15/15 MP: 2/8
   459 | D:1      | Reached skill level 5 in Conjurations
   517 | D:1      | Learned a level 2 spell: Searing Ray
   803 | D:2      | Reached XP level 3. HP: 19/19 MP: 3/10
  1077 | D:2      | Reached skill level 4 in Spellcasting
  1129 | D:2      | Found a radiant altar of Vehumet.
  1137 | D:2      | Became a worshipper of Vehumet
  1398 | D:2      | Learned a level 2 spell: Blink
  1569 | D:3      | Found Fuuki's Jewellery Emporium.
  1577 | D:3      | Reached XP level 4. HP: 24/24 MP: 8/12
  1932 | D:3      | Found a faded altar of an unknown god.
  2208 | D:3      | Found a shadowy altar of Dithmenos.
  2458 | D:4      | Reached skill level 1 in Translocations
  2510 | D:4      | Reached XP level 5. HP: 12/28 MP: 13/13
  2742 | D:4      | Found Ylidghot's General Store.
  2769 | D:4      | Bought a scroll of identify for 24 gold pieces
  2769 | D:4      | Bought a scroll of identify for 24 gold pieces
  2769 | D:4      | Bought a potion of curing for 36 gold pieces
  2769 | D:4      | Bought a scroll of teleportation for 36 gold pieces
  2868 | D:4      | Learned a level 4 spell: Iskenderun's Mystic Blast
  2929 | D:4      | Noticed an ice beast
  2934 | D:4      | Killed an ice beast
  2935 | D:4      | Reached skill level 5 in Spellcasting
  3033 | D:4      | Noticed a sky beast
  3064 | D:4      | Killed a sky beast
  3065 | D:4      | Reached XP level 6. HP: 32/32 MP: 14/16
  3412 | D:5      | Entered Level 5 of the Dungeon
  3468 | D:5      | Found a runed translucent door.
  3470 | D:5      | Found a runed translucent door.
  3471 | D:5      | Noticed a vampire mosquito
  3504 | D:5      | Reached skill level 6 in Spellcasting
  3504 | D:5      | Reached XP level 7. HP: 36/36 MP: 18/18
  3652 | D:5      | Reached * piety under Vehumet
  3652 | D:5      | Offered knowledge of Foxfire by Vehumet.
  4073 | D:5      | Noticed Sigmund
  4083 | D:5      | Killed Sigmund
  4084 | D:5      | Reached skill level 7 in Spellcasting
  4237 | D:5      | Reached XP level 8. HP: 41/41 MP: 21/21
  4998 | D:6      | Found a staircase to the Ecumenical Temple.
  5139 | D:6      | Reached skill level 8 in Spellcasting
  5139 | D:6      | Reached skill level 10 in Conjurations
  5366 | D:6      | Found a stormy altar of Qazlal.
  5652 | D:6      | Reached skill level 9 in Spellcasting
  5654 | D:6      | HP: 1/41 [poisoned by a kobold brigand (curare-tipped
                  | dart)]
  5848 | D:6      | Reached ** piety under Vehumet
  5850 | D:6      | Offered knowledge of Static Discharge by Vehumet.
  6082 | D:7      | Reached skill level 1 in Fighting
  6082 | D:7      | Reached skill level 10 in Spellcasting
  6314 | D:7      | Found a bloodstained altar of Trog.
  6314 | D:7      | Found an iron altar of Okawaru.
  6314 | D:7      | Found a radiant altar of Vehumet.
  6327 | D:7      | Found a sparkling altar of Nemelex Xobeh.
  6331 | D:7      | Found an ancient bone altar of Kikubaaqudgha.
  6602 | D:7      | Reached XP level 9. HP: 23/48 MP: 18/25
  6881 | D:7      | Reached skill level 11 in Spellcasting
  7366 | D:7      | Noticed wpisznazwe's ghost (novice OpTm)
  7367 | D:7      | Found a runed translucent door.
  7486 | D:7      | Found Zitef's CLEARANCE SALE!.
  7491 | D:7      | Bought a scroll of teleportation for 12 gold pieces
  7491 | D:7      | Bought a potion of curing for 12 gold pieces
  7491 | D:7      | Bought a wand of mindburst (11) for 61 gold pieces
  7890 | D:8      | Shot with an arrow by a centaur

Illustrated notes

Levels and vault maps discovered:
D:1:      amcnicky_arrival_choice, layout_rooms
D:2:      layout_basic, basic_altar, minmay_close_crescents
D:3:      layout_rooms, nicolae_overflow_ecumenical_swirl, serial_shops,
          shop_fountains
D:4:      layout_loops_ring, serial_shops, nicolae_shop_hallway_stairs
D:5:      lemuel_insect_pit, layout_basic, uniq_sigmund
D:6:      layout_basic, mainiacjoe_overflow_alcove_2,
          minmay_temple_entry_stoned_glass
D:7:      layout_loops_cross, minmay_overflow_temple_star_hex,
          gammafunk_ghost_grave, serial_bayou_ford_a, nicolae_shop_clearance
D:8:      layout_layer_cave, pdpol_wu_jian_five_deadly_venoms,
          nicolae_lava_and_water

Skill      XL: |  1  2  3  4  5  6  7  8  9 |
---------------+----------------------------+-----
Conjurations   | 5 6 7 9 10 | 10.0
Spellcasting   | 4 5 6 7 10 11 | 11.1
Translocations | 1 2 |  2.0
Fighting       | 2 3 |  3.2
Dodging        | |  2.4
Stealth        | |  2.4

Action                     |  1- 3 |  4- 6 |  7- 9 || total
---------------------------+-------+-------+-------++-------
  Melee: Whip              |       |       |     2 ||     2
   Cast: Magic Dart        |    75 |    60 |   157 ||   292
         Searing Ray       |       |     9 |    36 ||    45
         Blink             |       |     3 |     2 ||     5
         Iskenderun's Myst |       |       |     4 ||     4
    Use: Scroll            |       |     5 |     1 ||     6
 Armour: Robe              |       |     4 |    11 ||    15
  Dodge: Dodged            |     8 |    17 |    34 ||    59

Table legend: (Time is in decaauts)
 A = Elapsed time spent in this place.
 B = Non-inter-level travel time spent in this place.
 C = Inter-level travel time spent in this place.
 D = Time resting spent in this place.
 E = Time spent auto-exploring this place.
 F = Levels seen in this place.
 G = Mean time per level.
                   A        B        C        D        E       F      G
               +--------+--------+--------+--------+--------+-----+--------+
         Total |   7908 |   7766 |    142 |   1229 |   5553 |   8 |  988.5 |
       Dungeon |   7908 |   7766 |    142 |   1229 |   5553 |   8 |  988.5 |
               +--------+--------+--------+--------+--------+-----+--------+

Top non-repeatable levels by time:
     D:7: 1673 daAuts
     D:6: 1356 daAuts
     D:5: 1200 daAuts
     D:4: 1175 daAuts
     D:2: 859 daAuts
     D:3: 691 daAuts
     D:1: 682 daAuts
     D:8: 268 daAuts
